TOP OF THE 1ST |
Kane County Cougars batting - Pitching for Great Lakes Loons : RHP Derek Ziolkowski
|
Pitching: RHP Derek Ziolkowski
|
|
Batting: RHB Francisco Gutierrez
|
0-0: Ball 1-0: Ball 2-0: Called Strike 2-1: Ball 3-1: Called Strike 3-2: Strikes out looking
|
Batting: SHB Blaine Peters
|
0-0: Called Strike 0-1: Swinging Strike 0-2: Hit by Pitch
|
Batting: LHB J.P. Olson
|
0-0: Ball 1-0: Ball Wild Pitch! Blaine Peters to second 2-0: Ball 3-0: Base on Balls
|
Batting: RHB Longfellow Wetzler
|
0-0: DOUBLE (Flyball, 8RXD, EV 92.5 MPH) Blaine Peters scores J.P. Olson to third Runner from 3rd tries for Home, SAFE, throw by CF to home
|
Batting: RHB D.J. Cooke
|
0-0: Ball 1-0: Foul Ball, location: 2F 1-1: Foul Ball, location: 2F 1-2: Fly out, F7 (Flyball, 7S, EV 86.2 MPH)
|
Batting: RHB Dustin Legault
|
0-0: Ball 1-0: Foul Ball, location: 2F 1-1: Ball Passed Ball! Longfellow Wetzler to third 2-1: Foul Ball, location: 2F 2-2: Foul Ball, location: 2F 2-2: Foul Ball, location: 2F 2-2: Ball 3-2: Base on Balls
|
Batting: LHB Jeff Trapp
|
0-0: Ball 1-0: SINGLE (Groundball, 3D, EV 100.6 MPH) Longfellow Wetzler scores Dustin Legault to second
|
Batting: RHB Ernesto Zamora
|
0-0: SINGLE (Groundball, 56S, EV 55.6 MPH) (infield hit) Dustin Legault to third Jeff Trapp to second
|
Batting: RHB Gary Hills
|
0-0: Ball 1-0: Ball 2-0: Ball 3-0: Base on Balls Dustin Legault scores Jeff Trapp to third Ernesto Zamora to second
|
Batting: RHB Francisco Gutierrez
|
0-0: Called Strike 0-1: Swinging Strike 0-2: Ball 1-2: Fielders Choice at 2nd, 5-4 (Groundball, 5, EV 94.4 MPH)
|
Top of the 1st over - 4 runs, 3 hits, 0 errors, 3 left on base; Kane County 4 - Great Lakes 0 |
BOTTOM OF THE 1ST |
Great Lakes Loons batting - Pitching for Kane County Cougars : RHP Jai-guo Xia
|
Pitching: RHP Jai-guo Xia
|
|
Batting: LHB Nate Kee
|
0-0: Fly out, F9 (Line Drive, 9D, EV 93.1 MPH)
|
Batting: LHB Tore Bosch
|
0-0: Ball 1-0: Ground out 6-3 (Groundball, 6, EV 84.4 MPH)
|
Batting: LHB Jesus Ramirez
|
0-0: Called Strike 0-1: Foul Ball, location: 2F 0-2: Ball 1-2: Foul Ball, location: 2F 1-2: Foul Ball, location: 2F 1-2: Foul Ball, location: 2F 1-2: Strikes out swinging
|
Bottom of the 1st over - 0 runs, 0 hits, 0 errors, 0 left on base; Kane County 4 - Great Lakes 0 |
TOP OF THE 2ND |
Kane County Cougars batting - Pitching for Great Lakes Loons : RHP Derek Ziolkowski
|
Batting: SHB Blaine Peters
|
0-0: Called Strike 0-1: Called Strike 0-2: Strikes out swinging
|
Batting: LHB J.P. Olson
|
0-0: Swinging Strike 0-1: Fly out, F1 (Line Drive, P, EV 68.1 MPH)
|
Batting: RHB Longfellow Wetzler
|
0-0: Ball 1-0: Foul Ball, location: 2F 1-1: Ball 2-1: Ball 3-1: Ground out 2-3 (Groundball, 13S, EV 63.8 MPH)
|
Top of the 2nd over - 0 runs, 0 hits, 0 errors, 0 left on base; Kane County 4 - Great Lakes 0 |
BOTTOM OF THE 2ND |
Great Lakes Loons batting - Pitching for Kane County Cougars : RHP Jai-guo Xia
|
Batting: SHB Xavier Alaniz
|
0-0: Called Strike 0-1: Reached on error, E3 (Groundball, 3, EV 87.5 MPH)
|
Batting: RHB Javier Solis
|
0-0: Ball 1-0: Ball 2-0: Called Strike Balk! Xavier Alaniz to second 2-1: Swinging Strike 2-2: Foul Ball, location: 2F 2-2: Foul Ball, location: 2F 2-2: Ball 3-2: Fly out, F9 (Flyball, 9D, EV 88.8 MPH)
|
Batting: LHB Jim Jardine
|
0-0: Ball 1-0: Foul Ball, location: 2F 1-1: Ball 2-1: Called Strike 2-2: Foul Ball, location: 2F 2-2: Ground out U3 (Groundball, 34, EV 82.5 MPH) Xavier Alaniz to third
|
Batting: RHB Steve Clark
|
0-0: Swinging Strike 0-1: Ball 1-1: Swinging Strike 1-2: Ball 2-2: Foul Ball, location: 2F 2-2: Foul Ball, location: 2F 2-2: Strikes out looking
|
Bottom of the 2nd over - 0 runs, 0 hits, 1 error, 1 left on base; Kane County 4 - Great Lakes 0 |
TOP OF THE 3RD |
Kane County Cougars batting - Pitching for Great Lakes Loons : RHP Derek Ziolkowski
|
Batting: RHB D.J. Cooke
|
0-0: Ball 1-0: Ball 2-0: Ball 3-0: Called Strike 3-1: Base on Balls
|
Batting: RHB Dustin Legault
|
0-0: Ball 1-0: Ball 2-0: Called Strike 2-1: Fielders Choice at 2nd, 4-6 (Groundball, 34, EV 85.6 MPH)
|
Batting: LHB Jeff Trapp
|
0-0: Ball 1-0: Ball 2-0: Ball 3-0: Base on Balls Dustin Legault to second
|
Batting: RHB Ernesto Zamora
|
0-0: Ball 1-0: Ball 2-0: Called Strike 2-1: Ball 3-1: Foul Ball, location: 2F 3-2: Strikes out swinging
|
Batting: RHB Gary Hills
|
0-0: Ball 1-0: Ball 2-0: Fielders Choice at 2nd, 6-4 (Groundball, 56, EV 95.0 MPH)
|
Top of the 3rd over - 0 runs, 0 hits, 0 errors, 2 left on base; Kane County 4 - Great Lakes 0 |
BOTTOM OF THE 3RD |
Great Lakes Loons batting - Pitching for Kane County Cougars : RHP Jai-guo Xia
|
Batting: RHB Ruben Serrata
|
0-0: Fly out, F8 (Flyball, 8LM, EV 96.2 MPH)
|
Batting: RHB Jason Baldwin
|
0-0: Ball 1-0: DOUBLE (Line Drive, 8RXD, EV 109.4 MPH)
|
Batting: LHB Nate Kee
|
0-0: Called Strike 0-1: Swinging Strike 0-2: Ball 1-2: Ball 2-2: Strikes out looking
|
Batting: LHB Tore Bosch
|
0-0: Called Strike 0-1: Ball 1-1: Reached on error, E3 (Groundball, 34, EV 97.5 MPH) Jason Baldwin to third
|
Batting: LHB Jesus Ramirez
|
0-0: Reached on error, E3 (Groundball, 3, EV 79.4 MPH) Jason Baldwin scores Tore Bosch to second
|
Batting: SHB Xavier Alaniz
|
0-0: Fielders Choice at 2nd, 6-4 (Groundball, 6, EV 86.2 MPH)
|
Bottom of the 3rd over - 1 run, 1 hit, 2 errors, 2 left on base; Kane County 4 - Great Lakes 1 |
TOP OF THE 4TH |
Kane County Cougars batting - Pitching for Great Lakes Loons : RHP Derek Ziolkowski
|
Batting: RHB Francisco Gutierrez
|
0-0: Ball 1-0: Called Strike 1-1: Ball 2-1: Ball 3-1: Swinging Strike 3-2: Base on Balls
|
Batting: SHB Blaine Peters
|
0-0: Ball 1-0: Called Strike 1-1: Swinging Strike 1-2: Strikes out swinging
|
Batting: LHB J.P. Olson
|
0-0: Called Strike 0-1: Swinging Strike 0-2: Strikes out swinging Francisco Gutierrez is caught stealing 2nd base 2-6 Batter strikes out.
|
Top of the 4th over - 0 runs, 0 hits, 0 errors, 0 left on base; Kane County 4 - Great Lakes 1 |
BOTTOM OF THE 4TH |
Great Lakes Loons batting - Pitching for Kane County Cougars : RHP Jai-guo Xia
|
Batting: RHB Javier Solis
|
0-0: Ball 1-0: Ground out 6-3 (Groundball, 6, EV 90.6 MPH)
|
Batting: LHB Jim Jardine
|
0-0: Called Strike 0-1: Ball 1-1: Called Strike 1-2: Strikes out swinging
|
Batting: RHB Steve Clark
|
0-0: Called Strike 0-1: Called Strike 0-2: Strikes out swinging
|
Bottom of the 4th over - 0 runs, 0 hits, 0 errors, 0 left on base; Kane County 4 - Great Lakes 1 |
TOP OF THE 5TH |
Kane County Cougars batting - Pitching for Great Lakes Loons : RHP Derek Ziolkowski
|
Batting: RHB Longfellow Wetzler
|
0-0: Ball 1-0: Foul Ball, location: 2F 1-1: Called Strike 1-2: Fly out, F7 (Flyball, 7LS, EV 93.8 MPH)
|
Batting: RHB D.J. Cooke
|
0-0: Swinging Strike 0-1: Ball 1-1: Swinging Strike 1-2: Strikes out swinging
|
Batting: RHB Dustin Legault
|
0-0: Ball 1-0: Called Strike 1-1: Ball 2-1: Ball 3-1: Swinging Strike 3-2: Ground out 1-3 (Groundball, 25, EV 70.0 MPH)
|
Top of the 5th over - 0 runs, 0 hits, 0 errors, 0 left on base; Kane County 4 - Great Lakes 1 |
BOTTOM OF THE 5TH |
Great Lakes Loons batting - Pitching for Kane County Cougars : RHP Jai-guo Xia
|
Batting: RHB Ruben Serrata
|
0-0: Ball 1-0: Fly out, F9 (Flyball, 9LS, EV 88.8 MPH)
|
Batting: RHB Jason Baldwin
|
0-0: Swinging Strike 0-1: Ball 1-1: Called Strike 1-2: Ball 2-2: Ball 3-2: Foul Ball, location: 2F 3-2: Strikes out swinging
|
Batting: LHB Nate Kee
|
0-0: Foul Ball, location: 2F 0-1: TRIPLE (Flyball, 89XD, EV 98.1 MPH)
|
Batting: LHB Tore Bosch
|
0-0: Ball 1-0: Ball 2-0: Ground out 4-3 (Groundball, 4, EV 81.2 MPH)
|
Bottom of the 5th over - 0 runs, 1 hit, 0 errors, 1 left on base; Kane County 4 - Great Lakes 1 |
TOP OF THE 6TH |
Kane County Cougars batting - Pitching for Great Lakes Loons : RHP Derek Ziolkowski
|
Pitching: RHP Andre Wiltz
|
|
Batting: LHB Jeff Trapp
|
0-0: Ball 1-0: Foul Ball, location: 2F 1-1: Foul Ball, location: 2F 1-2: Strikes out swinging
|
Batting: RHB Ernesto Zamora
|
0-0: Swinging Strike 0-1: Ball 1-1: Foul Ball, location: 2F 1-2: Ground out 6-3 (Groundball, 6, EV 111.2 MPH)
|
Batting: RHB Gary Hills
|
0-0: Ground out 6-3 (Groundball, 6, EV 105.6 MPH)
|
Top of the 6th over - 0 runs, 0 hits, 0 errors, 0 left on base; Kane County 4 - Great Lakes 1 |
BOTTOM OF THE 6TH |
Great Lakes Loons batting - Pitching for Kane County Cougars : RHP Jai-guo Xia
|
Batting: LHB Jesus Ramirez
|
0-0: Ball 1-0: Ball 2-0: Foul Ball, location: 2F 2-1: Ground out 6-3 (Groundball, 6, EV 96.2 MPH)
|
Batting: SHB Xavier Alaniz
|
0-0: Ball 1-0: Called Strike 1-1: Ball 2-1: Fly out, F7 (Flyball, 7LS, EV 91.9 MPH)
|
Batting: RHB Javier Solis
|
0-0: Ball 1-0: Called Strike 1-1: Ball 2-1: Foul Ball, location: 2F 2-2: Ground out 6-3 (Groundball, 6, EV 100.6 MPH)
|
Bottom of the 6th over - 0 runs, 0 hits, 0 errors, 0 left on base; Kane County 4 - Great Lakes 1 |
TOP OF THE 7TH |
Kane County Cougars batting - Pitching for Great Lakes Loons : RHP Andre Wiltz
|
Batting: RHB Francisco Gutierrez
|
0-0: Swinging Strike 0-1: Ball 1-1: Foul Ball, location: 2F 1-2: Ball 2-2: Foul Ball, location: 2F 2-2: Foul Ball, location: 2F 2-2: Ground out 1-3 (Groundball, 15S, EV 71.9 MPH)
|
Batting: SHB Blaine Peters
|
0-0: Swinging Strike 0-1: Called Strike 0-2: Ground out U3 (Groundball, 34, EV 80.6 MPH)
|
Batting: LHB J.P. Olson
|
0-0: Foul Ball, location: 2F 0-1: Ball 1-1: Ball 2-1: Swinging Strike 2-2: Foul Ball, location: 2F 2-2: Ball 3-2: SOLO HOME RUN (Flyball, 89XD, EV 104.4 MPH), Distance : 413 ft
|
Batting: RHB Longfellow Wetzler
|
0-0: Called Strike 0-1: Called Strike 0-2: Fly out, F8 (Flyball, 8RM, EV 91.9 MPH)
|
Top of the 7th over - 1 run, 1 hit, 0 errors, 0 left on base; Kane County 5 - Great Lakes 1 |
BOTTOM OF THE 7TH |
Great Lakes Loons batting - Pitching for Kane County Cougars : RHP Jai-guo Xia
|
Batting: LHB Jim Jardine
|
0-0: Ball 1-0: Fly out, F8 (Line Drive, 8RM, EV 105.0 MPH)
|
Batting: RHB Steve Clark
|
0-0: Called Strike 0-1: Called Strike 0-2: Ball 1-2: Strikes out swinging passed ball, reaches first!
|
Batting: RHB Ruben Serrata
|
0-0: Called Strike 0-1: SINGLE (Groundball, 6MS, EV 68.8 MPH) (infield hit) Steve Clark to second
|
Batting: RHB Jason Baldwin
|
0-0: Ball 1-0: Swinging Strike 1-1: Ball 2-1: Fly out, F8 (Line Drive, 8RS, EV 91.2 MPH)
|
Batting: LHB Nate Kee
|
0-0: Swinging Strike 0-1: Foul Ball, location: 2F 0-2: Ball 1-2: Foul Ball, location: 2F 1-2: Strikes out swinging
|
Bottom of the 7th over - 0 runs, 1 hit, 0 errors, 2 left on base; Kane County 5 - Great Lakes 1 |
TOP OF THE 8TH |
Kane County Cougars batting - Pitching for Great Lakes Loons : RHP Andre Wiltz
|
Pitching: LHP Ben Moore
|
|
Batting: RHB D.J. Cooke
|
0-0: Foul Ball, location: 2F 0-1: Called Strike 0-2: Strikes out swinging
|
Batting: RHB Dustin Legault
|
0-0: Called Strike 0-1: Ball 1-1: Ball 2-1: Foul Ball, location: 2F 2-2: Ground out 5-3 (Groundball, 56, EV 107.5 MPH)
|
Batting: LHB Jeff Trapp
|
0-0: Ball 1-0: Ball 2-0: Called Strike 2-1: Ground out 4-3 (Groundball, 4S, EV 84.4 MPH)
|
Top of the 8th over - 0 runs, 0 hits, 0 errors, 0 left on base; Kane County 5 - Great Lakes 1 |
BOTTOM OF THE 8TH |
Great Lakes Loons batting - Pitching for Kane County Cougars : RHP Jai-guo Xia
|
Batting: LHB Tore Bosch
|
0-0: Ground out 1-3 (Groundball, 13S, EV 73.8 MPH)
|
Batting: LHB Jesus Ramirez
|
0-0: Called Strike 0-1: Called Strike 0-2: Ball 1-2: Foul Ball, location: 2F 1-2: Strikes out swinging
|
Batting: SHB Xavier Alaniz
|
0-0: Fly out, F8 (Flyball, 8LD, EV 101.2 MPH)
|
Bottom of the 8th over - 0 runs, 0 hits, 0 errors, 0 left on base; Kane County 5 - Great Lakes 1 |
TOP OF THE 9TH |
Kane County Cougars batting - Pitching for Great Lakes Loons : LHP Ben Moore
|
Batting: RHB Ernesto Zamora
|
0-0: Ball 1-0: Fly out, F9 (Flyball, 89D, EV 105.0 MPH)
|
Batting: RHB Gary Hills
|
0-0: Ball 1-0: Fly out, F8 (Flyball, 8LM, EV 80.0 MPH)
|
Batting: RHB Francisco Gutierrez
|
0-0: Fly out, F7 (Line Drive, 7LS, EV 93.1 MPH)
|
Top of the 9th over - 0 runs, 0 hits, 0 errors, 0 left on base; Kane County 5 - Great Lakes 1 |
BOTTOM OF THE 9TH |
Great Lakes Loons batting - Pitching for Kane County Cougars : RHP Jai-guo Xia
|
Pitching: LHP Josh Hubbard
|
|
Batting: RHB Javier Solis
|
0-0: SINGLE (Groundball, 56D, EV 97.5 MPH)
|
Pinch Hitting: RHB Eddie Perry
|
0-0: Ball 1-0: Called Strike 1-1: Ball 2-1: Grounds into double play, 6-4-3 (Groundball, 6, EV 89.4 MPH)
|
Pinch Hitting: RHB Trevor Conklin
|
0-0: Foul Ball, location: 2F 0-1: Ball 1-1: Ground out U3 (Groundball, 34, EV 85.0 MPH)
|
Bottom of the 9th over - 0 runs, 1 hit, 0 errors, 0 left on base; Kane County 5 - Great Lakes 1 |
|